 Dungeon Crawl Stone Soup version 0.31-a0-506-g3d79149578 (webtiles) character file.

Game seed: 8859978557320657146

65 bdfhjk the Magician (level 3, 0/19 HPs)
             Began as a Deep Elf Hedge Wizard on Aug 9, 2023.
             Succumbed to an adder's poison
             ... on level 3 of the Dungeon.
             The game lasted 00:04:55 (2660 turns).

bdfhjk the Magician (Deep Elf Hedge Wizard)         Turns: 2660, Time: 00:04:55

Health: 0/19       AC:  3    Str:  7    XL:     3   Next: 94%
Magic:  6/11       EV: 13    Int: 20    God:
Gold:   127        SH:  0    Dex: 14    Spells: 5/11 levels left

rFire   . . .        a - +0 dagger
rCold   . . .        (no shield)
rNeg    . . .        b - +0 robe
rPois   .            l - +0 helmet {SInv}
rElec   .            (no cloak)
rCorr   .            (no gloves)
SInv    +            (no boots)
Will    .....        (no amulet)
Stlth   ++           (no ring)
HPRegen 0.23/turn    (no ring)
MPRegen 0.12/turn

%: no passive effects
@: lethally poisoned (0 -> 0)
A: no striking features
a: no special abilities


You were on level 3 of the Dungeon.
You visited 1 branch of the dungeon, and saw 3 of its levels.

You collected 127 gold pieces.

Inventory:

Hand Weapons
 a - a +0 dagger (weapon)
 k - a +0 sling
Armour
 b - a +0 robe (worn)
 c - a +0 hat
 l - a +0 helmet of see invisible (worn)
Scrolls
 g - 2 scrolls of identify {unknown}
 i - a scroll of enchant weapon {unknown}
 j - a scroll of blinking {unknown}
 m - a scroll of teleportation {unknown}
 p - a scroll of immolation {unknown}
Potions
 d - 2 potions of magic
 e - 2 potions of haste {unknown}
 f - a potion of lignification {unknown}
 h - a potion of invisibility {unknown}
 n - a potion of attraction {unknown}
 o - a potion of curing {unknown}


   Skills:
 + Level 3.1 Dodging
 + Level 3.2 Stealth
 + Level 4.9 Spellcasting
 + Level 2.0 Conjurations
 - Level 1.3 Summonings
 + Level 2.1 Translocations


You had 5 spell levels left.
You knew the following spells:

 Your Spells              Type           Power      Damage    Failure   Level
a - Magic Dart            Conj           52%        1d5       4%          1
b - Blink                 Tloc           26%        N/A       8%          2
c - Slow                  Hex            16%        N/A       12%         1
d - Call Imp              Summ           20%        N/A       11%         2

Your spell library contained the following spells:

 Spells                   Type           Power      Damage    Failure   Level
 Cigotuvi's Dreadful Rot  Necr/Pois/Air  8%         N/A       19%         2
 Mephitic Cloud           Conj/Pois/Air  7%         N/A       26%         3


Dungeon Overview and Level Annotations

Branches:
Dungeon (3/15)

Altars:


Message History

The adder is moderately wounded.
You feel very sick. The adder closely misses you.
You are too injured to fight recklessly!
You are too injured to fight recklessly!
You are too injured to fight recklessly!
Casting: Magic Dart (safe; 4% risk of failure)
Confirm with . or Enter, or press ? or * to list all spells.
You blink.
A kobold comes into view.
It is wielding a +0 short sword and quivering poisoned darts.
Found a hand axe.
You feel sick.
Casting: Blink (safe; 8% risk of failure)
Confirm with . or Enter, or press ? or * to list all spells.
A tiny devil pulls itself out of the air.
You feel sick. The adder bites you but does no damage.
The ball python misses you. The ball python closely misses you.
The adder barely misses you.
You swap places.
Found a green potion.
You feel sick.
The kobold shouts!
The ball python bites you.
* * * LOW HITPOINT WARNING * * *
The ball python barely misses you.
Your cerulean imp barely misses the ball python.
The adder attacks as you move away! The adder closely misses you.
* * * LOW HITPOINT WARNING * * *
You feel sick.
The kobold throws a poisoned dart.
The poisoned dart barely misses you.
The ball python misses your cerulean imp.
The ball python closely misses your cerulean imp.
Your cerulean imp barely misses the ball python.
* * * LOW HITPOINT WARNING * * *
You feel sick.
The kobold throws a poisoned dart.
The poisoned dart completely misses you.
Your cerulean imp closely misses the ball python.
You feel stable enough to blink again.
* * * LOW HITPOINT WARNING * * *
You feel sick. The adder bites you but does no damage.
The kobold throws a poisoned dart.
The poisoned dart closely misses you.
Your cerulean imp hits the ball python but does no damage.
You die...

..............#
.............#.#
.....K.......#.#
.....<......#.#
##..........#.###
.........5......#
##)...........+
#.##....S...#.#.#
#.....@S....#.#.# ..
#!###.........#.#
+#... #..#...##.#.#
.#...
#..###.##.#.##.#..#
...................
##.####+#...........
#.##......#........
...........##......
#................


You could see an adder, a ball python (ally target), a kobold and a friendly
cerulean imp (summoned).

Vanquished Creatures
  2 adders
  A dart slug (D:1)
  2 orcs (D:3)
  5 endoplasms
  2 giant cockroaches (D:2)
  3 goblins
  3 hobgoblins
  3 kobolds
  2 quokkas (D:1)
  3 ball pythons (D:2)
  5 bats
  2 frilled lizards
  2 rats
35 creatures vanquished.

Vanquished Creatures (collateral kills)
  A worm (D:2)
1 creature vanquished.

Grand Total: 36 creatures vanquished

Notes
Turn   | Place    | Note
-------+----------+-------------------------------------------
     0 | D:1      | bdfhjk the Deep Elf Hedge Wizard began the quest for the
                  | Orb.
     0 | D:1      | Reached XP level 1. HP: 10/10 MP: 7/7
   325 | D:1      | Reached XP level 2. HP: 13/15 MP: 9/9
   329 | D:1      | Learned a level 2 spell: Blink
   759 | D:1      | Learned a level 1 spell: Slow
   762 | D:1      | Learned a level 2 spell: Call Imp
  1361 | D:2      | Reached XP level 3. HP: 17/19 MP: 7/11
  1777 | D:2      | Found a faded altar of an unknown god.
  2660 | D:3      | Succumbed to an adder's poison

Illustrated notes

Levels and vault maps discovered:
D:1:      eino_arrival_cavern_d, layout_rooms, serial_forest,
          infiniplex_forest_side_room, infiniplex_forest_zigzag_2,
          infiniplex_forest_clump_diagonal, infiniplex_forest_clump_double,
          infiniplex_forest_corner_1, infiniplex_forest_straight_4,
          infiniplex_forest_corner_1, infiniplex_forest_end_2,
          infiniplex_forest_diagonal, infiniplex_forest_clump_large
D:2:      layout_basic, ebering_ecumenical_altar_mist
D:3:      layout_basic, serial_shops, nicolae_shop_just_a_little_nook

Skill      XL: |  1  2  3 |
---------------+----------+-----
Stealth        | 3 |  3.2
Dodging        | 3 |  3.1
Conjurations   | 2 |  2.0
Translocations | 2 |  2.1
Spellcasting   | |  4.9
Summonings     | |  1.3

Action                     || total
---------------------------++-------
  Melee: Dagger            ||    58
         Punch             ||     2
   Cast: Magic Dart        ||    80
         Call Imp          ||     3
         Slow              ||     2
         Blink             ||     3
 Armour: Robe              ||    13
  Dodge: Dodged            ||    50

Table legend: (Time is in decaauts)
 A = Elapsed time spent in this place.
 B = Non-inter-level travel time spent in this place.
 C = Inter-level travel time spent in this place.
 D = Time resting spent in this place.
 E = Time spent auto-exploring this place.
 F = Levels seen in this place.
 G = Mean time per level.
                   A        B        C        D        E       F      G
               +--------+--------+--------+--------+--------+-----+--------+
         Total |   2661 |   2524 |    137 |    425 |   1706 |   3 |  887.0 |
       Dungeon |   2661 |   2524 |    137 |    425 |   1706 |   3 |  887.0 |
               +--------+--------+--------+--------+--------+-----+--------+

Top non-repeatable levels by time:
     D:2: 1518 daAuts
     D:1: 945 daAuts
     D:3: 197 daAuts
